 Dungeon Crawl Stone Soup version 0.31-a0-188-g5e087ee2ca (webtiles) character file.

Game seed: 6729167719011759316

122 qw the Skirmisher (level 4, -1/25 HPs)
             Began as a Deep Elf Hunter on June 23, 2023.
             Slain by a gnoll
             ... wielding a +0 whip
              (9 damage)
             ... on level 4 of the Dungeon.
             The game lasted 00:01:03 (2946 turns).

qw the Skirmisher (Deep Elf Hunter)                 Turns: 2946, Time: 00:01:04

Health: -1/25      AC:  3    Str: 16    XL:     4   Next: 78%
Magic:  6/6        EV: 12    Int: 14    God:
Gold:   248        SH:  0    Dex: 18    Spells: 3/3 levels left

rFire   . . .        Y - +0 shortbow
rCold   . . .        (shield currently unavailable)
rNeg    . . .        c - +0 leather armour
rPois   .            (no helmet)
rElec   .            (no cloak)
rCorr   .            (no gloves)
SInv    .            (no boots)
Will    .....        d - amulet of the acrobat
Stlth   ++           j - +6 ring of strength
HPRegen 0.24/turn    (no ring)
MPRegen 0.10/turn

%: acrobat
@: no status effects
A: no striking features
a: no special abilities


You were on level 4 of the Dungeon.
You visited 1 branch of the dungeon, and saw 4 of its levels.

You collected 248 gold pieces.


   Skills:
 - Level 1.5 Fighting
 - Level 8.1 Ranged Weapons
 + Level 2.7 Dodging
 - Level 1.2 Stealth


You had 3 spell levels left.
You didn't know any spells.
Your spell library was empty.

Inventory:

Hand Weapons
 Y - a +0 shortbow (weapon)
Armour
 c - a +0 leather armour (worn)
Jewellery
 d - an amulet of the acrobat (around neck)
 j - a +6 ring of strength (left hand)
Scrolls
 k - a scroll of identify
Potions
 e - a potion of might
 f - a potion of cancellation
 h - 3 potions of curing
 i - a potion of berserk rage {unknown}

Dungeon Overview and Level Annotations

Branches:
Dungeon (4/15)
 Temple: D:4-7

Altars:
Ashenzari
Nemelex Xobeh
The Shining One


Message History

An orc wizard comes into view. It is wielding a +0 dagger.
The gnoll closely misses you.
You shoot an arrow. The orc wizard shouts!
The arrow hits the gnoll.
The gnoll is severely wounded.
An orc comes into view. It is wielding a +0 hand axe.
The gnoll barely misses you.
A giant cockroach comes into view.
You shoot an arrow. The orc shouts!
The arrow hits the gnoll.
The gnoll is almost dead.
The gnoll hits you with a +0 flail.
The gnoll hits you from afar with a +0 spear.
The gnoll hits you with a +0 flail. The gnoll closely misses you.
An orc priest comes into view. It is wielding a +0 short sword.
The orc wizard casts a spell at you. The puff of flame hits you!
2942 ||| DRINKING potion of heal wounds.
You feel much better.
The orc priest shouts!
You hear a shout!
The gnoll completely misses you.
The gnoll hits you from afar with a +0 spear.
The orc priest casts a cantrip, but nothing happens.
The gnoll barely misses you.
You shoot an arrow.
The arrow hits the gnoll but does no damage.
The gnoll is almost dead.
The gnoll closely misses you. The gnoll hits you with a +0 whip.
The gnoll hits you with a +0 flail!
2944 ||| Stepping ~*~*~tactically~*~*~ (outnumbered).
The gnoll attacks as you move away! The gnoll hits you with a +0 whip.
You shoot an arrow. The arrow hits the gnoll.
You kill the gnoll!
The gnoll completely misses you.
You shoot an arrow. The arrow hits the gnoll.
The gnoll is heavily wounded.
The gnoll closely misses you. The gnoll hits you with a +0 whip!
You die...

##### ###.. #....
.>..#####
#..".##(#.#....
.........)...o. #
......#...o...# ...... .
#............. ......
..# #...Bg..B.... ......
...####g##.....#####....
#....@.#..............
#......##............<
#......#...#.#........
#####'##...#.#........
#.##...#.#........
#..'...+.####.....
#####...#..####....
..............##....
..........###.......


You could see an orc priest, 2 gnolls and a giant cockroach.

Vanquished Creatures
  2 gnolls (D:4)
  3 adders (D:2)
  2 worms
  A dart slug (D:1)
  An orc (D:3)
  8 ball pythons
  6 bats
  4 endoplasms
  4 giant cockroaches
  7 goblins
  7 hobgoblins
  2 jackals (D:3)
  4 quokkas
  6 frilled lizards
  4 kobolds
  4 rats
65 creatures vanquished.

Notes
Turn   | Place    | Note
-------+----------+-------------------------------------------
     0 | D:1      | qw the Deep Elf Hunter began the quest for the Orb.
     0 | D:1      | Reached XP level 1. HP: 12/12 MP: 3/3
     0 | D:1      | 0 ||| qw: Version: 0.3-a-9-g12657ce
     0 | D:1      | 0 ||| qw: Game counter: 4170
     0 | D:1      | 0 ||| qw: Always use a shield: true
     0 | D:1      | 0 ||| qw: God list: Okawaru
     0 | D:1      | 0 ||| qw: Allow faded altars: false
     0 | D:1      | 0 ||| qw: Do Orc after D:15 true
     0 | D:1      | 0 ||| qw: Do second Lair branch before Depths: true
     0 | D:1      | 0 ||| qw: Lair rune preference: random
     0 | D:1      | 0 ||| qw: Plans: Normal
     0 | D:1      | 0 ||| PLANNING D:1-11
   234 | D:1      | Reached skill level 6 in Ranged Weapons
   234 | D:1      | Reached XP level 2. HP: 16/16 MP: 4/4
   520 | D:1      | Reached XP level 3. HP: 20/20 MP: 5/5
  1029 | D:1      | 1029 ||| READING scroll labelled NIOCZO MUCIOG.
  1030 | D:1      | 1030 ||| READING scroll labelled SUCUUD HUOSE.
  1066 | D:1      | 1066 ||| READING 4 scrolls labelled QUXKAEQURGH.
  1067 | D:1      | 1067 ||| READING scroll labelled CIGROL HAPHIU.
  1072 | D:1      | 1072 ||| READING 3 scrolls of identify.
  1072 | D:1      | 1072 ||| IDENTIFYING white potion
  1073 | D:1      | 1073 ||| READING 2 scrolls of identify.
  1073 | D:1      | 1073 ||| IDENTIFYING pink potion
  1074 | D:1      | 1074 ||| DROPPING scroll of butterflies.
  1075 | D:1      | 1075 ||| DROPPING potion of degeneration.
  1153 | D:2      | Reached skill level 7 in Ranged Weapons
  1520 | D:2      | Reached XP level 4. HP: 25/25 MP: 6/6
  1809 | D:2      | 1809 ||| UPGRADING to amulet of the acrobat.
  1814 | D:2      | 1814 ||| READING scroll labelled XIUF ERIDY.
  1815 | D:2      | 1815 ||| READING scroll labelled WEFAOT PIUREPT.
  1816 | D:2      | 1816 ||| READING 2 scrolls of identify.
  1816 | D:2      | 1816 ||| IDENTIFYING black potion
  2290 | D:3      | Found a sparkling altar of Nemelex Xobeh.
  2609 | D:3      | Found a glowing golden altar of the Shining One.
  2609 | D:3      | Found a broken altar of Ashenzari.
  2741 | D:3      | 2741 ||| UPGRADING to +6 ring of strength.
  2742 | D:3      | 2742 ||| READING scroll labelled VAADELL HANET.
  2743 | D:3      | 2743 ||| DRINKING 3 grey potions.
  2744 | D:3      | 2744 ||| READING 3 scrolls of identify.
  2744 | D:3      | 2744 ||| IDENTIFYING sedimented yellow potion
  2745 | D:3      | 2745 ||| READING 2 scrolls of identify.
  2745 | D:3      | 2745 ||| IDENTIFYING red potion
  2746 | D:3      | 2746 ||| DROPPING potion of ambrosia.
  2748 | D:3      | 2748 ||| Stepping ~*~*~tactically~*~*~ (cloud).
  2749 | D:3      | 2749 ||| DRINKING 2 potions of curing.
  2749 | D:3      | 2749 ||| (to cure poison)
  2934 | D:4      | Reached skill level 8 in Ranged Weapons
  2941 | D:4      | HP: 6/25 [orc wizard/puff of flame (10)]
  2942 | D:4      | 2942 ||| DRINKING potion of heal wounds.
  2944 | D:4      | 2944 ||| Stepping ~*~*~tactically~*~*~ (outnumbered).
  2946 | D:4      | Slain by a gnoll

Levels and vault maps discovered:
D:1:      mainiacjoe_arrival_reflecting_pool, layout_basic,
          minmay_tree_intersection
D:2:      layout_basic, kennysheep_flooded_box, grunt_decor_arrowhead
D:3:      layout_loops_corners, jmf_multi_god_temple,
          mainiacjoe_overflow_six_doors_small, dk_noncrumbling_2, dk_vineyard_3
D:4:      layout_basic, mainiacjoe_overflow_catwalk

Skill      XL: |  1  2  3  4 |
---------------+-------------+-----
Ranged Weapons | 6 7 8 |  8.1
Fighting       | |  1.5
Dodging        | |  2.7
Stealth        | |  1.2

Action                     |  1- 3 |  4- 6 || total
---------------------------+-------+-------++-------
   Fire: Shortbow          |    99 |    81 ||   180
    Use: Scroll            |     6 |     6 ||    12
         Potion            |       |     3 ||     3
 Armour: Leather armour    |     7 |     7 ||    14
  Dodge: Dodged            |    22 |    32 ||    54

Table legend:
 A = Non-vault XP
 B = Vault XP
 C = Vault XP percentage of total XP
 D = Non-vault monster count
 E = Vault monster count
 F = Vault count percentage of total count
                 A         B        C        D         E       F
            +---------+---------+-------+---------+---------+-------
      Total |     172 |       3 |   1.7 |      63 |       2 |   3.1
            +---------+---------+-------+---------+---------+-------
        D:1 |      51 |       0 |   0.0 |      31 |       0 |   0.0
        D:2 |      67 |       0 |   0.0 |      18 |       0 |   0.0
        D:3 |      25 |       3 |  10.7 |      11 |       2 |  15.4
        D:4 |      29 |       0 |   0.0 |       3 |       0 |   0.0
            +---------+---------+-------+---------+---------+-------
